Map: Overgrowth LE (Void)

Players

soO

  • Race: Zerg Zerg
  • Spawn Location: 1:00

ByuL - Winner!

  • Race: Zerg Zerg
  • Spawn Location: 7:00

Event: IEM Season 11 - Gyeonggi

VOD

Have the link to the VOD?

Description

Time

  • Played on: Dec. 14, 2016, 9:41 p.m.
  • Length: 7:44

All games in this series

Show
View Real Time Build Order
Export as new Build Order

soO Zerg 

Build Orders: Hatch First 

Get SALT Encoding   

  12  0:00  Drone  
  13  0:12  Overlord  
  13  0:17  Drone  
  14  0:30  Drone  
  14  0:31  Drone  
  14  0:34  Drone  
  17  0:51  Hatchery  
  17  0:53  Drone  
  17  0:56  Drone  
  18  1:08  Extractor  
  17  1:11  Spawning Pool  
  17  1:13  Drone  
  17  1:18  Drone  
  18  1:28  Drone  
  19  1:38  Overlord  
  19  1:50  Drone  
  20  1:58  Queen  
  20  2:00  Zergling x2  
  23  2:03  Queen, Zergling x2  
  23  2:07  Metabolic Boost  
  26  2:11  Drone  
  26  2:14  Drone  
  28  2:21  Drone  
  29  2:27  Drone  
  30  2:33  Drone  
  30  2:35  Drone  
  32  2:42  Overlord  
  32  2:50  Drone  
  33  2:52  Hatchery  
  33  2:55  Drone  
  33  3:04  Zergling x4  
  34  3:06  Zergling x2  
  34  3:07  Zergling x4  
  34  3:11  Zergling x8  
  41  3:18  Overlord  
  41  3:23  Zergling x2  
  42  3:28  Roach Warren  
  42  3:30  Drone x2  
  43  3:38  Drone  
  43  3:40  Drone  
  43  3:41  Drone  
  46  3:44  Drone  
  46  3:48  Drone  
  47  3:49  Drone  
  47  3:50  Drone  
  49  3:55  Zergling x4  
  49  4:01  Overlord  
  49  4:05  Queen, Overlord  
  49  4:09  Roach  
  53  4:10  Roach  
  53  4:13  Roach  
  53  4:17  Overlord  
  57  4:22  Roach  
  57  4:23  Overlord x2  
  57  4:25  Roach  
  57  4:27  Roach  
  57  4:30  Roach  
  57  4:31  Roach  
  65  4:37  Roach x2  
  69  4:39  Roach  
  69  4:41  Overlord  
  69  4:43  Drone  
  72  4:49  Drone x3  
  75  4:54  Drone x3  
  75  4:56  Ravager  
  75  4:58  Drone x2  
  75  4:59  Drone  
  83  5:00  Drone  
  83  5:06  Drone x2  
  83  5:07  Zergling x2  
  83  5:11  Drone  
  84  5:14  Drone  
  84  5:18  Drone x3  
  84  5:19  Lair  
  84  5:20  Evolution Chamber  
  86  5:22  Extractor x2  
  84  5:29  Drone x4  
  84  5:30  Drone x3  
  84  5:32  Extractor  
  84  5:33  Zergling x4  
  92  5:39  Overlord  
  92  5:41  Queen  
  94  5:48  Zerg Missile Weapons Level 1  
  92  5:54  Roach  
  92  5:55  Roach, Overlord  
  92  5:57  Drone  
  97  5:59  Extractor  
  97  6:00  Drone x7  
  103  6:04  Extractor  
  103  6:05  Drone  
  103  6:08  Roach x3  
  103  6:09  Overlord  
  104  6:13  Roach, Overlord  
  104  6:16  Roach  
  107  6:20  Ravager  
  107  6:21  Ravager  
  107  6:23  Roach  
  111  6:30  Roach  
  111  6:31  Roach x2  
  109  6:32  Roach  
  109  6:34  Roach  
  109  6:39  Roach  
  97  6:40  Roach  
  97  6:41  Roach  
  97  6:44  Roach  
  94  6:47  Roach  
  94  6:48  Queen x2, Zergling x4  
  94  6:53  Roach x2  
  100  6:55  Roach  
  100  6:57  Zergling x4  
  97  7:01  Roach  
  97  7:03  Roach  
  97  7:05  Roach  
  84  7:16  Roach x2, Zergling x2  
  83  7:23  Roach  
Show
View Real Time Build Order
Export as new Build Order

ByuL Zerg - Winner!

Build Orders: Pool First 

Get SALT Encoding   

  12  0:00  Drone  
  13  0:09  Drone  
  14  0:18  Overlord  
  14  0:22  Extractor  
  14  0:23  Drone  
  15  0:36  Drone x2  
  17  0:43  Spawning Pool  
  17  0:47  Drone  
  17  1:07  Hatchery  
  17  1:09  Drone  
  17  1:13  Drone  
  17  1:18  Extractor  
  17  1:30  Queen  
  17  1:31  Zergling x2  
  20  1:39  Drone x2  
  22  1:48  Overlord  
  22  2:07  Drone, Queen  
  25  2:10  Drone  
  26  2:20  Hatchery  
  25  2:24  Metabolic Boost  
  25  2:27  Drone  
  26  2:30  Drone  
  26  2:32  Drone  
  26  2:35  Zergling x2  
  29  2:43  Drone  
  30  2:44  Baneling Nest  
  30  2:47  Drone  
  30  2:50  Drone  
  31  2:53  Drone  
  31  2:58  Drone  
  33  3:06  Zergling x2  
  33  3:12  Overlord  
  34  3:13  Queen  
  36  3:29  Baneling x2  
  36  3:30  Zergling x2  
  36  3:31  Zergling x12  
  41  3:35  Zergling x4  
  41  3:38  Queen  
  45  3:43  Zergling x2  
  45  3:44  Zergling x4  
  48  3:49  Zergling x4  
  49  3:58  Overlord  
  49  4:02  Drone, Roach Warren, Extractor  
  48  4:03  Drone  
  49  4:11  Overlord  
  49  4:18  Drone x2  
  49  4:19  Drone  
  50  4:27  Drone x3  
  50  4:28  Overlord  
  53  4:31  Overlord  
  54  4:45  Drone x2  
  54  4:48  Roach  
  54  4:49  Roach x3  
  54  4:51  Roach  
  65  4:53  Roach  
  65  4:57  Roach x2  
  71  5:01  Roach  
  72  5:08  Roach  
  72  5:09  Overlord  
  70  5:22  Overlord  
  70  5:29  Overlord  
  70  5:33  Roach  
  70  5:34  Roach x5  
  82  5:41  Roach x2, Zergling x2  
  82  5:42  Roach, Zergling x4  
  90  5:47  Ravager  
  90  5:48  Zergling x2  
  90  5:49  Zergling x4  
  91  5:52  Zergling x2  
  91  5:53  Zergling x2  
  91  5:55  Ravager  
  95  5:57  Zergling x4  
  95  5:59  Zergling x2  
  95  6:00  Zergling x2  
  98  6:08  Overlord  
  98  6:10  Overlord  
  97  6:16  Baneling x3  
  97  6:17  Baneling  
  97  6:18  Baneling  
  96  6:31  Zergling x12  
  92  6:37  Zergling x2  
  92  6:38  Zergling x16  
  92  6:40  Ravager  
  91  6:49  Ravager  
  91  6:50  Zergling x10  
  91  6:51  Zergling x2  
  92  7:04  Zergling x8  
  92  7:06  Ravager  
  92  7:07  Zergling x8  
  96  7:09  Zergling x2  
  96  7:10  Zergling x2  
  96  7:11  Ravager  
  96  7:16  Zergling x2  
  96  7:22  Zergling x2  
  93  7:23  Zergling x4  

Tags
 
Add a new tag
Caveats
  • Supply blocks, unpowered buildings, or Contaminate may cause inaccurate times.
  • Supply counts are checked every 10 seconds.